AoeStats
← Espheni

Fortress

509361849Analyzed
2v2 RM · 6d ago on Sep 26, 2026· 35m 34s· 4 players
Game mode
Random Map
Map size
Normal (6 player)
Population
200
Speed
Normal
Resources
Standard
Victory
Conquest
Starting age
Dark Age
Ending age
Imperial Age
RankedLock teamsTeams togetherTeam positionsShared explorationLock speedFull tech treeHidden civsTurbo modeCheats
Victory
Defeat
🇫🇷 Bohemians · France
1523
+15
🇩🇪 Malay · Germany
1441
+17
🇩🇪 Mongols · Germany
1493
-16
🇩🇪 Danes · Germany
1483
-16
I_hate_arabia
7:25 Feudal Age
8:04 Loom
10:39 Castle Age
9:03 Double-Bit Axe
9:27 Horse Collar
12:57 Bow Saw
16:22 Town Watch
17:10 Fletching
21:27 Forging
24:27 Heavy Plow
25:30 Squires
27:16 Gold Mining
27:15 Arson
28:27 Iron Casting
28:47 Wheelbarrow
32:32 Hand Cart
36:20 Imperial Age
36:10 Conscription
36:18 Conscription
berber.sinan
8:31 Feudal Age
9:41 Feudal Age
11:12 Double-Bit Axe
11:21 Horse Collar
14:08 Castle Age
15:06 Bow Saw
17:48 Imperial Age
17:03 Chemistry
28:20 Loom
29:19 Wheelbarrow
29:13 Town Watch
31:43 Padded Archer Armor
32:25 Hand Cart
RockAmEdsch
8:08 Feudal Age
12:03 Castle Age
12:04 Double-Bit Axe
12:01 Horse Collar
15:55 Bow Saw
17:44 Wheelbarrow
17:20 Heavy Plow
17:55 Loom
20:55 Hand Cart
20:41 Fletching
21:31 Scale Barding Armor
21:58 Bodkin Arrow
21:42 Light Cavalry
22:36 Forging
23:11 Bloodlines
23:50 Chain Barding Armor
Espheni
7:11 Feudal Age
6:29 Loom
11:05 Castle Age
9:08 Double-Bit Axe
9:13 Horse Collar
13:30 Bow Saw
16:45 Scale Mail Armor
16:47 Squires
16:34 Arson
17:24 Squires
20:02 Heavy Plow
22:23 Wheelbarrow
23:19 Chain Mail Armor
25:04 Gambesons
25:45 Forging
29:58 Iron Casting
32:31 Imperial Age
30:21 Hand Cart
33:45 Plate Mail Armor
33:39 Conscription
33:10 Elite Varangian Guard
36:24 Blast Furnace
Connection lost

Rejoining the realm…

Still unreachable

The connection could not be restored.

Session expired

The server has moved on; the page needs a fresh start.